 Dungeon Crawl Stone Soup version 0.25-a0-614-g73ad250637 (webtiles) character file.

Game seed: 8386270932956781853, levelgen mode: deterministic

52 n0claF the Shield-Bearer (level 3, -1/36 HPs)
             Began as a Troll Fighter on Mar 17, 2020.
             Slain by a hobgoblin
             ... wielding a +0 club
              (3 damage)
             ... on level 2 of the Dungeon.
             The game lasted 00:03:08 (1067 turns).

n0claF the Shield-Bearer (Troll Fighter)            Turns: 1067, Time: 00:03:09

Health: -1/36      AC:  6    Str: 25    XL:     3   Next: 60%
Magic:  2/2        EV:  8    Int:  4    God:
Gold:   92         SH:  9    Dex:  9    Spells: 2/2 levels left

rFire    . . .     SeeInvis .   h - -1 hand axe (curse)
rCold    . . .     Gourm    +   c - +0 kite shield
rNeg     . . .     Faith    .   b - +0 robe
rPois    .         Spirit   .   (helmet restricted)
rElec    .         Reflect  .   (no cloak)
rCorr    .         Harm     .   (gloves unavailable)
MR       .....                  (boots unavailable)
Stlth    +.........             (no amulet)
HPRegen  0.52/turn              (no ring)
MPRegen  0.08/turn              (no ring)

@: no status effects
A: large, unfitting armour, claws 3, fast metabolism 3, gourmand, regeneration
1, shaggy fur 1, tough skin 3
a: no special abilities


You were on level 2 of the Dungeon.
You were very full.

You visited 1 branch of the dungeon, and saw 2 of its levels.

You collected 92 gold pieces.

Inventory:

Hand Weapons
 a - a +0 war axe
 h - a cursed -1 hand axe (weapon)
   (You found it on level 2 of the Dungeon)
Armour
 b - a +0 robe (worn)
 c - a +0 kite shield (worn)
Jewellery
 k - a +4 ring of strength {unknown}
   (You found it on level 1 of the Dungeon)
 m - an uncursed ring of resist corrosion {unknown}
   (You found it on level 1 of the Dungeon)
 r - a +5 ring of dexterity {unknown}
   (You found it on level 1 of the Dungeon)
Scrolls
 f - 2 scrolls of enchant weapon {unknown}
 l - a scroll of teleportation {unknown}
 n - 3 scrolls of identify {unknown}
 o - 2 scrolls of fear {unknown}
 p - a scroll of remove curse {unknown}
Potions
 d - 2 potions of might
 g - a potion of degeneration {unknown}
 i - a potion of resistance {unknown}
 j - 3 potions of curing {unknown}
 q - a potion of lignification {unknown}
Comestibles
 e - 2 rations {!d}


   Skills:
 + Level 2.8 Fighting
 * Level 2.6 Axes
 - Level 2.4 Dodging
 + Level 2.8 Shields


You had 2 spell levels left.
You didn't know any spells.
Your spell library was empty.

Dungeon Overview and Level Annotations

Branches:
Dungeon (2/15)

Altars:


Innate Abilities, Weirdness & Mutations

You are too large for most types of armour.
You have claws for hands.
Your metabolism is lightning-fast.
You like to eat raw meat.
Your natural rate of healing is unusually fast.
You are covered in fur. (AC +1)
You have extremely tough skin. (AC +3)


Message History

The leopard gecko bites you.
* * * LOW HITPOINT WARNING * * *
The leopard gecko bites you.
* * * LOW HITPOINT WARNING * * *
The hobgoblin hits you but does no damage.
You block the leopard gecko's attack.
Unknown command.
The hobgoblin hits you with a +0 club.
* * * LOW HITPOINT WARNING * * *
The leopard gecko bites you but does no damage.
The leopard gecko bites you but does no damage.
The hobgoblin completely misses you.
Unknown command.
You block the leopard gecko's attack. The hobgoblin barely misses you.
The leopard gecko closely misses you.
Unknown command.
The hobgoblin hits you but does no damage.
The leopard gecko barely misses you.
Unknown command.
The hobgoblin hits you but does no damage.
The leopard gecko bites you.
* * * LOW HITPOINT WARNING * * *
The leopard gecko bites you.
* * * LOW HITPOINT WARNING * * *
The hobgoblin hits you but does no damage.
The leopard gecko barely misses you. You block the hobgoblin's attack.
Unknown command.
The leopard gecko bites you but does no damage.
You block the hobgoblin's attack. You block the leopard gecko's attack.
You block the leopard gecko's attack. The hobgoblin closely misses you.
Unknown command.
The leopard gecko bites you.
* * * LOW HITPOINT WARNING * * *
The hobgoblin hits you with a +0 club.
* * * LOW HITPOINT WARNING * * *
The leopard gecko bites you.
* * * LOW HITPOINT WARNING * * *
The leopard gecko barely misses you. You block the hobgoblin's attack.
The leopard gecko bites you.
* * * LOW HITPOINT WARNING * * *
The hobgoblin barely misses you. The leopard gecko closely misses you.
You block the hobgoblin's attack. The leopard gecko misses you.
You block the hobgoblin's attack.
The leopard gecko bites you but does no damage.
The leopard gecko closely misses you. You block the hobgoblin's attack.
Unknown command.
The leopard gecko bites you.
* * * LOW HITPOINT WARNING * * *
The hobgoblin hits you with a +0 club.
You die...

##########...#.........#
##..#.........#
#..#.........#
##..#.........#
#..>#....([...#
###.#########.# #.# .#
#g# #@# #l# #.# #.# #.#
#.# #.. ###


You could see a leopard gecko and a hobgoblin.

Vanquished Creatures
  An adder (D:2)
  An ooze (D:1)
  3 worms (D:2)
  A dart slug (D:1)
  A leopard gecko (D:1)
  7 goblins
  A hobgoblin (D:1)
  4 bats
  A frilled lizard (D:1)
  3 kobolds (D:1)
  5 rats
28 creatures vanquished.

Notes
Turn   | Place    | Note
-------+----------+-------------------------------------------
     0 | D:1      | n0claF the Troll Fighter began the quest for the Orb.
     0 | D:1      | Reached XP level 1. HP: 22/22 MP: 0/0
     2 | D:1      | You fall into a shaft and drop 1 floor!
    57 | D:2      | Reached XP level 2. HP: 10/29 MP: 1/1
   375 | D:1      | Reached XP level 3. HP: 36/36 MP: 2/2
  1067 | D:2      | Slain by a hobgoblin

Levels and vault maps discovered:
D:1:      onia_arrival_mini_spirals, layout_basic, chequers_garden
D:2:      layout_basic, first_ration

Skill      XL: |  1 |
---------------+----+-----
Axes           | 2 |  2.6
Fighting       | |  2.8
Dodging        | |  2.4
Shields        | |  2.8

Action                   || total
-------------------------++-------
Melee: War axe           ||    29
       Hand axe          ||    82
  Eat: Chunk             ||    15
Armor: Robe              ||    54
Dodge: Dodged            ||    63
Block: Kite shield       ||   102

Table legend:
 A = Non-vault XP
 B = Vault XP
 C = Vault XP percentage of total XP
 D = Non-vault monster count
 E = Vault monster count
 F = Vault count percentage of total count
                 A         B        C        D         E       F
            +---------+---------+-------+---------+---------+-------
      Total |      75 |       0 |   0.0 |      28 |       0 |   0.0
            +---------+---------+-------+---------+---------+-------
        D:1 |      38 |       0 |   0.0 |      19 |       0 |   0.0
        D:2 |      37 |       0 |   0.0 |       9 |       0 |   0.0
            +---------+---------+-------+---------+---------+-------
